 Dungeon Crawl Stone Soup version 0.26-a0-104-gef3e9dd61f (webtiles) character file.

Game seed: 9268916983273961722

0 Gargoyl the Skirmisher (level 1, -1/19 HPs)
             Began as a Centaur Abyssal Knight on June 22, 2020.
             Was a Follower of Lugonu.
             Slain by an ufetubus (3 damage)
             ... summoned by a ynoxinul
             ... on level 1 of the Abyss.
             The game lasted 00:00:31 (103 turns).

Gargoyl the Skirmisher (Centaur Abyssal Knight)      Turns: 103, Time: 00:00:32

Health: -1/19      AC:  4    Str: 14    XL:     1   Next: 0%
Magic:  2/2        EV:  9    Int: 11    God:    Lugonu [*.....]
Gold:   0          SH:  0    Dex:  8    Spells: 0/0 levels left

rFire    . . .     SeeInvis .   a - +1 hand axe
rCold    . . .     Gourm    .   (no shield)
rNeg     . . .     Faith    .   b - +0 leather armour
rPois    .         Spirit   .   (no helmet)
rElec    .         Reflect  .   (no cloak)
rCorr    .         Harm     .   (no gloves)
MR       .....                  (no barding)
Stlth    ..........             (no amulet)
HPRegen  0.00/turn              d - ring of wizardry
MPRegen  0.08/turn              (no ring)

@: non-regenerating, diseased, very quick
A: large, hooves 3, deformed body, speed 2, tough skin 3
a: Depart the Abyss, Renounce Religion


You were on level 1 of the Abyss.
You worshipped Lugonu.
Lugonu was aware of your devotion.
You were not hungry.

You visited 0 branches of the dungeon, and saw 0 of its levels.
You visited the Abyss 1 time.

Inventory:

Hand Weapons
 a - a +1 hand axe (weapon)
Armour
 b - a +0 leather armour (worn)
Jewellery
 d - a ring of wizardry (left hand)
Comestibles
 c - a ration


   Skills:
 + Level 3.0 Fighting
 + Level 1.7 Axes
 + Level 1.3 Armour
 + Level 0.6 Dodging
 + Level 2.0 Invocations


You couldn't memorise any spells.
You didn't know any spells.
Your spell library was empty.

Dungeon Overview and Level Annotations

Branches:
Dungeon (0/15)

Altars:


Innate Abilities, Weirdness & Mutations

You have hooves in place of feet.
Armour fits poorly on your strangely shaped body.
You cover ground very quickly.
You have extremely tough skin. (AC +3)


Message History

A worldbinder comes into view.
There are no items here.
As you read the scroll labeled OMERIR USTRAOMA, it crumbles to dust.
You feel momentarily disoriented.
It was a scroll of magic mapping.
The ynoxinul gestures.
The ancient zyme hits you!
Ouch! That really hurt!
The ancient zyme hits you.
There are monsters nearby!
The ufetubus shouts!
The worldbinder calls forth creatures from the Crypt!
The ufetubus hits you.
* * * LOW HITPOINT WARNING * * *
The ufetubus hits you.
* * * LOW HITPOINT WARNING * * *
The ufetubus hits you but does no damage.
The ufetubus closely misses you.
The ynoxinul gestures.
The ufetubus hits you.
You die...

.... ..#... ## ....#
. . # .... .#.. #.
...#.... ..
#.##..#....
....#......# ..
.......@..#.##
..##..
#..#.##.5###.##
.#...##
.#####5....##....#..
#....#.#.#.... ....
#.....#......## #
#.###x##.#...# #.
#.#5....#..#.# .
#.####x###. .. # #.
## #....##...##.


You could see a worldbinder and 3 ufetubi.

Vanquished Creatures (others)
  2 starspawn tentacles (Abyss:1)
2 creatures vanquished.

Notes
Turn   | Place    | Note
-------+----------+-------------------------------------------
     0 | Abyss:1  | Gargoyl the Centaur Abyssal Knight began the quest for the
                  | Orb.
     0 | Abyss:1  | Reached XP level 1. HP: 19/19 MP: 2/2
    16 | Abyss:1  | Noticed a freezing wraith
    32 | Abyss:1  | Noticed a tentacled starspawn
    32 | Abyss:1  | Noticed an ancient zyme
    56 | Abyss:1  | Noticed a ynoxinul
    62 | Abyss:1  | Noticed a great orb of eyes
    65 | Abyss:1  | Paralysed by a great orb of eyes for 4 turns
    88 | Abyss:1  | Noticed a worldbinder
   103 | Abyss:1  | Slain by an ufetubus

Illustrated notes

Levels and vault maps discovered:
Abyss:1:  guppyfry_abyss_exit_spiral_guarded

Action                   || total
-------------------------++-------
  Use: Scroll            ||     1
Armor: Leather armour    ||     1
Dodge: Dodged            ||     1

Table legend:
 A = Non-vault XP
 B = Vault XP
 C = Vault XP percentage of total XP
 D = Non-vault monster count
 E = Vault monster count
 F = Vault count percentage of total count
                 A         B        C        D         E       F
            +---------+---------+-------+---------+---------+-------
      Total |       0 |       0 |   N/A |       0 |       0 |  -nan
            +---------+---------+-------+---------+---------+-------
            +---------+---------+-------+---------+---------+-------
